 Dungeon Crawl Stone Soup version 0.27-a0-279-gdfb9265905 (webtiles) character file.

Game seed: 9119569851416401988

726536 dolemite99 the Conqueror (level 27, -5/273 HPs)
             Began as a Hill Orc Fighter on Feb 7, 2021.
             Was a High Priest of Okawaru.
             Killed from afar by a Killer Klown (24 damage)
             ... with a klown pie
             ... on level 5 of the Realm of Zot.
             The game lasted 03:02:24 (114098 turns).

dolemite99 the Conqueror (Hill Orc Fighter)       Turns: 114098, Time: 03:02:24

Health: -5/273     AC:  0    Str: 29    XL:     27
Magic:  0/29       EV: 17    Int: 13    God:    Okawaru [*****.]
Gold:   3784       SH:  0    Dex: 13    Spells: 28/34 levels left

rFire    + . .     SeeInvis .   (weapon currently unavailable)
rCold    + . .     Faith    .   (shield currently unavailable)
rNeg     . . .     Spirit   +   (armour currently unavailable)
rPois    +         Reflect  .   (helmet currently unavailable)
rElec    +         Harm     .   (cloak currently unavailable)
rCorr    +         Rampage  .   (gloves currently unavailable)
Will     ++...                  (boots currently unavailable)
Stlth    ..........             A - amulet of guardian spirit
HPRegen  0.55/turn              (ring currently unavailable)
MPRegen  0.21/turn              (ring currently unavailable)

@: mighty, bat-form, silence (expiring), resistant, finesse, marked, flying,
slowed, studying 2 skills, quick
A: tiny, blurry vision 2, clumsy 1, deterioration 1, screaming 2, strong 1
}: 4/15 runes: decaying, serpentine, slimy, silver
a: Stop Flying, Renounce Religion


You were on level 5 of the Realm of Zot.
You worshipped Okawaru.
Okawaru was extremely pleased with you.
You were in bat-form.
You visited 12 branches of the dungeon, and saw 58 of its levels.
You visited 2 bazaars.
You visited 1 ziggurat, and saw 9 of its levels.
You also visited: Bailey, Ice Cave and Wizlab.

You collected 11814 gold pieces.
You spent 8030 gold pieces at shops.

Inventory:

Hand Weapons
 a - a +4 executioner's axe of flaming (melded)
 b - a +9 longbow of flaming
Missiles
 q - 3081 arrows
Armour
 h - a scarf of resistance (melded)
 s - a +2 pair of boots (melded)
 B - a +14 crystal plate armour of cold resistance (melded)
 F - a +2 helmet of see invisible (melded)
 P - a +2 pair of gloves of archery (melded)
Magical Staves
 p - an uncursed staff of air
Jewellery
 e - the ring of Cuono (melded) {+Blink rF+ rN+ Int+3}
   (You took it off a vault warden on level 5 of the Vaults)

   [ring of protection from fire]

   It affects your intelligence (+3).
   It protects you from fire.
   It protects you from negative energy.
   It lets you blink.
 k - the ring "Ninter" {rN+ Will+ Int+2}
   (You found it on level 3 of the Swamp)

   [ring of willpower]

   It affects your intelligence (+2).
   It protects you from negative energy.
   It affects your willpower, your defense against some magical effects.
 m - the ring of Xelaonku {rF+ rN+++ MP-9 Str+6 Dex+3}
   (You acquired it in a wizard's laboratory)

   [ring of strength]

   It affects your strength (+6).
   It affects your dexterity (+3).
   It protects you from fire.
   It renders you almost immune to negative energy.
   It affects your magic capacity (-9).
 u - the ring of Haduowa (melded) {*Contam rElec rN+ Slay+3 SInv, =R}
   (You took it off a wizard on level 1 of the Vaults)

   [ring of positive energy]

   It affects your accuracy and damage with ranged weapons and melee attacks
   (+3).
   It insulates you from electricity.
   It protects you from negative energy.
   It lets you see invisible.
   It causes magical contamination when unequipped.
 w - the ring "Foplud" {rPois rF+ rN+ MP+9 Stlth-}
   (You found it on level 5 of the Pits of Slime)

   [ring of magical power]

   It protects you from fire.
   It protects you from poison.
   It protects you from negative energy.
   It affects your magic capacity (+9).
   It makes you less stealthy.
 A - an amulet of guardian spirit (around neck)
 H - an uncursed ring of protection from cold
 L - an uncursed ring of resist corrosion
Wands
 f - a wand of charming (20)
 x - a wand of paralysis (30)
 z - a wand of digging (19)
 M - a wand of polymorph (8)
 V - a wand of iceblast (35)
 W - a wand of acid (13)
Scrolls
 n - 4 scrolls of blinking
 y - 51 scrolls of remove curse {@r2}
 I - 8 scrolls of fear
 O - 11 scrolls of fog
 R - 2 scrolls of silence
 S - 25 scrolls of teleportation
 U - 10 scrolls of identify {@r1}
Potions
 c - 5 potions of haste
 d - 16 potions of flight
 g - 2 potions of resistance
 j - a potion of berserk rage
 l - 4 potions of might
 r - 10 potions of brilliance
 v - 23 potions of curing
 D - 5 potions of ambrosia
 E - 5 potions of cancellation
 G - 11 potions of attraction
 K - 3 potions of magic
 N - 7 potions of mutation
Miscellaneous
 i - a lightning rod (4/4)
 t - the horn of Geryon
 Q - a phial of floods
 T - a tin of tremorstones (2/2)
 X - a box of beasts
 Y - a condenser vane
 Z - a phantom mirror


   Skills:
 O Level 27 Fighting
 - Level 26.0 Axes
 - Level 18.7 Bows
 + Level 25.4 Armour
 - Level 3.2 Shields
 - Level 4.1 Spellcasting
 - Level 12.7 Necromancy
 - Level 10.2 Translocations
 - Level 10.1 Transmutations
 - Level 12.0 Earth Magic
 - Level 7.7 Invocations
 - Level 18.6 Evocations


You had 28 spell levels left.
You knew the following spells:

 Your Spells              Type           Power        Failure   Level
c - Passwall              Tmut/Erth      25%          1%          2
e - Blink                 Tloc           N/A          1%          2
g - Apportation           Tloc           58%          1%          1
s - Animate Skeleton      Necr           70%          1%          1

Your spell library contained the following spells:

 Spells                   Type           Power        Failure   Level
 Pain                     Necr           100%         1%          1
 Sublimation of Blood     Necr           17%          1%          2
 Gell's Gravitas          Tloc           14%          1%          3
 Lesser Beckoning         Tloc           14%          1%          3
 Vampiric Draining        Necr           17%          1%          3
 Animate Dead             Necr           17%          1%          4
 Sting                    Tmut/Pois      60%          2%          1
 Corpse Rot               Necr/Air       N/A          2%          2
 Petrify                  Tmut/Erth      31%          2%          4
 Passage of Golubria      Tloc           N/A          3%          4
 Agony                    Necr           35%          3%          5
 Borgnjor's Vile Clutch   Necr/Erth      17%          3%          5
 Lee's Rapid Deconstruct  Erth           16%          4%          5
 Portal Projectile        Hex/Tloc       32%          8%          3
 Ignite Poison            Fire/Tmut/Pois 11%          16%         3
 Animate Armour           Summ/Erth      36%          17%         4
 Leda's Liquefaction      Hex/Erth       9%           17%         4
 Death Channel            Necr           17%          17%         6
 Corona                   Hex            2%           21%         1
 Foxfire                  Conj/Fire      8%           21%         1
 Freeze                   Ice            8%           21%         1
 Magic Dart               Conj           8%           21%         1
 Shock                    Conj/Air       8%           21%         1
 Summon Small Mammal      Summ           8%           21%         1
 Ice Form                 Ice/Tmut       15%          26%         4
 Iskenderun's Mystic Bla  Conj/Tloc      16%          26%         4
 Call Imp                 Summ           2%           30%         2
 Ensorcelled Hibernation  Hex/Ice        4%           30%         2
 Poisonous Vapours        Pois/Air       4%           30%         2
 Searing Ray              Conj           4%           30%         2
 Slow                     Hex            2%           30%         2
 Swiftness                Air            2%           30%         2
 Call Canine Familiar     Summ           2%           52%         3
 Confusing Touch          Hex            2%           52%         3
 Conjure Flame            Conj/Fire      2%           52%         3
 Dazzling Flash           Conj/Hex       4%           52%         3
 Frozen Ramparts          Ice            4%           52%         3
 Inner Flame              Hex/Fire       2%           52%         3
 Mephitic Cloud           Conj/Pois/Air  2%           52%         3
 Ozocubu's Armour         Ice            2%           52%         3
 Static Discharge         Conj/Air       2%           52%         3
 Summon Guardian Golem    Hex/Summ       2%           52%         3
 Tukima's Dance           Hex            2%           52%         3
 Alistair's Intoxication  Tmut/Pois      10%          56%         5
 Yara's Violent Unravell  Hex/Tmut       7%           56%         5
 Airstrike                Air            1%           90%         4
 Cause Fear               Hex            1%           90%         4
 Fulminant Prism          Conj/Hex       1%           90%         4
 Hailstorm                Conj/Ice       2%           90%         4
 Olgreb's Toxic Radiance  Pois           2%           90%         4
 Sticky Flame             Conj/Fire      2%           90%         4
 Summon Ice Beast         Ice/Summ       2%           90%         4
 Summon Lightning Spire   Summ/Air       2%           90%         4
 Simulacrum               Ice/Necr       9%           93%         6
 Fireball                 Conj/Fire      1%           99%         5
 Lightning Bolt           Conj/Air       1%           99%         5
 Metabolic Englaciation   Hex/Ice        1%           99%         5
 Silence                  Hex/Air        1%           99%         5
 Freezing Cloud           Conj/Ice/Air   1%           100%        6
 Invisibility             Hex            2%           100%        6
 Haunt                    Necr/Summ      9%           100%        7
 Malign Gateway           Summ/Tloc      8%           100%        7
 Monstrous Menagerie      Summ           1%           100%        7
 Ozocubu's Refrigeration  Ice            1%           100%        7
 Discord                  Hex            1%           100%        8
 Disjunction              Tloc           14%          100%        8
 Ignition                 Fire           1%           100%        8
 Summon Horrible Things   Summ           1%           100%        8
 Shatter                  Erth           16%          100%        9
 Tornado                  Air            1%           100%        9


Dungeon Overview and Level Annotations

Branches:
Dungeon (15/15)            Temple (0/1) D:4            Lair (6/6) D:9
  Swamp (4/4) Lair:3        Snake (4/4) Lair:2        Slime (5/5) Lair:6
    Orc (2/2) D:11            Elf (3/3) Orc:2        Vaults (5/5) D:14
  Crypt (3/3) Vaults:2       Tomb (0/3) Crypt:3      Depths (5/5) D:15
   Hell (visited)             Dis (0/7) Hell            Geh (0/7) Hell
    Coc (0/7) Hell            Tar (0/7) Hell            Zot (5/5) Depths:5
 Bailey (visited)           IceCv (visited)          WizLab (visited)

Altars:
Ashenzari
Dithmenos
Elyvilon
Fedhas
Kikubaaqudgha
Makhleb
Okawaru
Qazlal
Ru
Uskayaw
Wu Jian
Beogh
Jiyva

Shops:
D:15 *   Orc:2 !![:   Elf:3 *[?   Snake:4 **((   Vaults:3 :   Vaults:4 *
Depths:2 =   Depths:5 [(*?

Portals:
Hell: Depths:1 Depths:2 Depths:3 Depths:4 Depths:5
Abyss: Depths:1 Depths:3 Depths:4 Depths:5
Pandemonium: Depths:3 Depths:5

Annotations:
D:5 2 transporters, jasper's ghost, amateur SpFi
D:8 exclusion: downstairs
Lair:4 3 runed translucent doors, exclusion: 2 oklob plants, ALWAYSlose's ghost, journeyman MiBe
Snake:3 Roxanne
Slime:3 exclusions: downstairs and 1 more exclusion
Elf:2 3 runed translucent doors
Vaults:3 2 runed translucent doors, canine's ghost, adept DrVM; quaternion's ghost, veteran MiFi
Vaults:4 1 runed translucent door, Ulaemata's ghost, adept HaHu
Depths:3 2 runed translucent doors
Zot:1 2 transporters, stpyramids's ghost, legendary DDFi


Innate Abilities, Weirdness & Mutations

((You are partially covered in iridescent scales. (AC +2)))
Scrolls take you longer to read.
You are clumsy. (Dex -2)
((Armour fits poorly on your strangely shaped body.))
Your body sometimes deteriorates upon taking damage.
You sometimes yell uncontrollably at your foes.
Your muscles are strong. (Str +2)


Message History

The storm dragon is engulfed in poison gas.
The storm dragon looks as sick as possible!
The purple draconian is engulfed in poison gas.
The purple draconian looks as sick as possible!
The Orb Guardian is engulfed in poison gas.
The Orb Guardian looks as sick as possible!
Blink to where?
Press: ? - help, Dir - move target, p - death cob
As you read the scroll of blinking, it crumbles to dust.
Found a hunting sling.
You feel protected.
The storm dragon is engulfed in poison gas.
The storm dragon looks as sick as possible!
The Orb Guardian is engulfed in poison gas.
The Orb Guardian looks as sick as possible!
The Killer Klown blinks!
An Orb Guardian comes into view.
The Killer Klown pies you viciously! The klown pie hits you!!
Blueberry!
An unnatural silence engulfs you.
You die...

.## ##.....## #......##...# ^.##
##.......## ##...:.###..#
...###.........# #.....# #..##
...............# #.....# ##..#
..#............# #.....# #..#
####.########▓▓▓ *#######**####**
............# *#...)..,,^,,,,,*
...........## ##.........,,,^,,^
...........# ##b...§§§..$,,,,,,,
..........## #.....§§§....,,,,,,
..........# #...............,,,
..........## #p.............§,,,
...........# #.Xz.§..........,,,
........^..## #.D.X...(.......,,,
............###.D.§§§§§......^,,,
##########...###§X§§☼§☼X......,,,
##....##§X§§§§§..§...,,,


You could see a Killer Klown (poisoned), 2 storm dragons, a death cob and 4 Orb
Guardians.

Vanquished Creatures
  the Royal Jelly (Slime:5)
  2 dread liches (Vaults:5)
  5 orbs of fire
  Mara (Vaults:4)
  An ancient lich (Vaults:5)
  2 juggernauts
  Bai Suzhen (Depths:1)
  Vashnia (Snake:3)
  Margery (Vaults:2)
  Geryon (Hell)
  A curse toe (Zot:4)
  10 golden dragons
  Jory (Vaults:5)
  A bone dragon (Depths:5)
  5 electric golems
  20 tentacled monstrosities
  Jorgrun (Elf:1)
  2 Hell Sentinels (Zig:6)
  7 quicksilver dragons
  6 liches
  13 Orb Guardians (Zot:5)
  2 deep elf blademasters (Elf:3)
  3 titans (Vaults:5)
  23 acid blobs
  Gastronok (D:9)
  2 ancient champions
  6 death cobs
  3 thorn hunters (Swamp:2)
  Frances (D:12)
  7 tengu reavers
  19 storm dragons
  A fenstrider witch (Swamp:2)
  11 shadow dragons
  3 nagarajas (Snake:4)
  6 revenants
  11 azure jellies
  6 frost giants
  7 fire giants
  A balrug (Depths:3)
  9 draconian knights
  7 draconian monks
  2 orc warlords
  8 deep elf sorcerers
  8 draconian scorchers
  5 ghost moths
  4 curse skulls
  5 reapers
  11 ironheart preservers
  9 draconian shifters
  14 vault wardens
  2 spriggan defenders (Depths:3)
  27 stone giants
  9 ghouls
  10 draconian annihilators
  3 draconian stormcallers
  6 deep elf elementalists
  8 vampire knights
  3 deep elf demonologists
  31 very ugly things
  4 war gargoyles
  2 entropy weavers
  11 deep elf annihilators
  2 spectral titans (Crypt:3)
  9 black draconians
  11 green draconians
  9 purple draconians
  9 spark wasps
  A bunyip (shapeshifter) (Vaults:2)
  11 eidola
  11 red draconians
  5 bunyips
  12 white draconians
  5 crystal guardians
  A merfolk javelineer (Zig:7)
  19 yellow draconians
  5 blizzard demons
  3 spectral quicksilver dragons (Crypt:3)
  14 fire dragons
  3 eleionomae
  10 death oozes
  21 ettins
  Josephine (Orc:1)
  6 deep elf high priests
  3 shambling mangroves (Swamp:2)
  6 jiangshi
  A quicksilver dragon zombie (Hell)
  11 naga warriors
  7 deep elf death magi
  29 vault guards
  4 ice dragons
  15 yaktaur captains
  8 great orbs of eyes
  The ghost of caco the Carver, a journeyman PaFi of Ashenzari (D:11)
  Harold (D:7)
  3 rakshasas
  11 boulder beetles
  33 hydras
  A hell beast (Hell)
  9 spriggan air magi
  An ice dragon (shapeshifter) (Vaults:5)
  A merfolk aquamancer (Zig:7)
  3 ghost crabs
  37 two-headed ogres
  7 catoblepae
  12 ogre magi
  12 centaur warriors
  6 anacondas
  7 alligators
  8 deep troll shamans
  6 death knights
  20 dancing weapons
  5 death yaks
  8 vampire magi
  8 hell hogs (Hell)
  15 naga sharpshooters
  9 spriggan berserkers
  5 shock serpents
  5 tengu warriors
  7 deep troll earth magi
  2 sun demons (Hell)
  2 titan zombies
  3 spectral storm dragons (Crypt:3)
  An orc high priest (Orc:1)
  7 soul eaters
  11 hell knights
  20 skeletal warriors
  4 iron golems
  An unseen horror (D:15)
  21 deep elf knights
  A sixfirhy (Depths:5)
  A goliath frog (shapeshifter) (Depths:4)
  6 shadow wraiths
  2 sea snakes (Zig:7)
  A storm dragon skeleton (Crypt:1)
  An anaconda zombie (Crypt:3)
  A sea snake (shapeshifter) (Vaults:3)
  2 unseen horrors (shapeshifter)
  A spectral emperor scorpion (Crypt:3)
  6 iron trolls
  A golden dragon zombie (Hell)
  4 goliath frogs
  A salamander mystic (Snake:3)
  A deep troll (shapeshifter) (Vaults:2)
  11 swamp dragons
  An infernal demonspawn (Depths:5)
  9 flayed ghosts
  10 bog bodies
  28 deep trolls
  2 orange crystal statues (Zig:3)
  2 anaconda skeletons
  A tengu zombie (Vaults:5)
  2 spectral iron dragons (Crypt:3)
  3 glowing orange brains
  10 spriggan druids
  An obsidian statue (Zig:3)
  12 harpies
  9 wizards
  A lindwurm (shapeshifter) (Elf:3)
  11 naga ritualists
  9 necromancers
  23 deep elf archers
  20 ironbrand convokers
  14 phantasmal warriors
  26 orc knights
  Pikel (D:6)
  38 deep elf zephyrmancers
  34 deep elf pyromancers
  2 iron dragon zombies
  A mana viper (shapeshifter) (Elf:2)
  3 tengu skeletons
  A fire giant zombie (Vaults:5)
  15 mana vipers
  A cyclops (shapeshifter) (Zig:6)
  5 manticores
  A spectral ettin (Crypt:3)
  2 spectral fire dragons (Crypt:3)
  A stone giant zombie (Crypt:2)
  8 orc sorcerers
  A toenail golem (WizLab)
  8 shining eyes
  Maurice (D:9)
  7 salamanders
  2 spectral ice dragons (Crypt:3)
  49 ugly things
  7 wolf spiders
  5 will-o-the-wisps
  9 cyclopes
  2 frost giant skeletons
  33 black mambas
  2 eyes of devastation
  A shock serpent zombie (Crypt:1)
  A stone giant skeleton (Crypt:3)
  22 moths of wrath
  5 elephants (Lair:5)
  An apocalypse crab (Zig:6)
  3 water nymphs (Zig:7)
  2 guardian serpents
  5 ice statues
  4 spriggan zombies
  A guardian serpent (shapeshifter) (Depths:2)
  A merfolk siren (Zig:7)
  19 vault sentinels
  A titan simulacrum (Crypt:3)
  2 gargoyles
  10 rust devils
  3 smoke demons (Hell)
  An elf skeleton (Zig:8)
  20 naga magi
  A hellion (Hell)
  A torpor snail (Zig:5)
  28 freezing wraiths
  9 cane toads
  A komodo dragon (shapeshifter) (Vaults:3)
  12 komodo dragons
  3 kobold demonologists
  2 yaktaurs (shapeshifter)
  A demonic crawler (D:11)
  58 yaktaurs
  2 rime drakes (Lair:3)
  5 tengu conjurers
  16 ice devils
  An iron troll zombie (Crypt:1)
  A hellwing (Depths:3)
  A spriggan skeleton (Zig:8)
  A queen ant zombie (Crypt:1)
  4 anaconda simulacra (Hell)
  A red draconian skeleton (Crypt:1)
  8 merfolk (Zig:7)
  8 trolls
  6 red devils
  A troll (shapeshifter) (Vaults:2)
  4 guardian mummies (Crypt:1)
  A golden dragon simulacrum (Hell)
  4 polar bears
  A jumping spider (shapeshifter) (Depths:5)
  16 hornets
  A bloated husk (Swamp:4)
  5 tyrant leeches
  A wind drake (shapeshifter) (Depths:2)
  A queen bee (shapeshifter) (Elf:1)
  A jumping spider (Zig:5)
  A blink frog (shapeshifter) (Zig:3)
  Grinder (D:4)
  90 slime creatures
  A meliai zombie (D:12)
  A raiju (Zig:4)
  An ice dragon zombie (Hell)
  A hydra skeleton (Hell)
  2 snapping turtles (Zig:7)
  3 frost giant simulacra
  28 blink frogs
  A slime creature (shapeshifter) (D:11)
  5 air elementals
  A vampire (D:12)
  4 flying skulls (Crypt:2)
  A deep troll skeleton (Zig:2)
  5 shadows
  3 redbacks
  2 alligator skeletons (Hell)
  18 wraiths
  A ynoxinul (Depths:5)
  11 spriggans
  A spriggan (shapeshifter) (Vaults:4)
  2 tarantellas
  10 fire elementals (Hell)
  5 wyverns
  Eustachio (D:3)
  A redback (shapeshifter) (Depths:2)
  4 fire bats (Lair:2)
  A human (shapeshifter) (Vaults:3)
  6 water elementals
  96 yaks
  A golden eye (Slime:4)
  3 basilisks
  A tyrant leech zombie (Crypt:3)
  5 vampire mosquitoes
  Menkaure (D:7)
  A spectral elf (Crypt:3)
  4 chaos spawn
  30 nagas
  A deep troll zombie (Vaults:2)
  A soldier ant (D:12)
  A spectral cane toad (Crypt:3)
  16 swamp worms
  3 acid dragons
  A spectral snapping turtle (Crypt:3)
  12 water moccasins
  3 wargs
  A floating eye (Slime:4)
  A large abomination (Depths:3)
  4 hell hounds (Hell)
  12 swamp drakes
  73 orc warriors
  A swamp drake (shapeshifter) (Vaults:2)
  2 cane toad skeletons (Hell)
  3 sky beasts
  5 human zombies
  2 ice beasts
  3 eyes of draining (shapeshifter)
  3 black bears
  3 eyes of draining
  5 necrophages
  An ice dragon simulacrum (Crypt:3)
  A tengu (shapeshifter) (Vaults:5)
  2 ettin simulacra
  18 boggarts
  25 ogres
  21 wolves
  36 centaurs
  A hog zombie (Crypt:2)
  A torpor snail zombie (Crypt:3)
  5 phantoms
  A draconian zombie (Crypt:1)
  4 lemures (D:6)
  2 big kobolds
  A palentonga zombie (Crypt:3)
  24 bullfrogs
  Blork the orc (D:4)
  2 wyvern zombies
  A salamander skeleton (Crypt:1)
  10 earth elementals
  A wyvern skeleton (D:4)
  2 water moccasin zombies
  A warg zombie (Crypt:2)
  5 scorpions
  2 snapping turtle simulacra
  A warg skeleton (Crypt:2)
  A shapeshifter zombie (Crypt:2)
  A human simulacrum (Vaults:2)
  6 killer bees
  A troll skeleton (Hell)
  23 wights
  4 howler monkeys
  6 electric eels
  3 crimson imps
  5 centaur zombies
  A demonspawn zombie (Crypt:2)
  2 quasits (Depths:5)
  26 orc priests
  A bullfrog zombie (D:9)
  2 bullfrog skeletons (D:12)
  4 hounds
  6 jellies
  2 centaur skeletons
  2 human skeletons (Crypt:1)
  5 worker ants
  13 iguanas
  17 orc wizards
  A spriggan simulacrum (Crypt:3)
  A hell rat (D:7)
  Terence (D:3)
  A killer bee zombie (Crypt:2)
  A deep dwarf zombie (Crypt:3)
  A big kobold skeleton (Crypt:2)
  A hound skeleton (D:9)
  2 mummies (Crypt:1)
  A howler monkey zombie (D:8)
  14 gnolls
  11 adders
  6 river rats (D:7)
  A swamp drake skeleton (Crypt:1)
  18 white imps
  4 ufetubi
  2 oozes
  2 adder skeletons
  4 worms
  2 dart slugs (D:1)
  8 leopard geckos
  67 orcs
  A ball python (D:4)
  3 bats
  7 giant cockroaches
  18 goblins
  12 hobgoblins
  14 jackals
  12 kobolds
  5 quokkas
  4 frilled lizards
  A leopard gecko zombie (D:4)
  An orc skeleton (Hell)
  26 rats
  4 briar patches (Swamp:2)
2807 creatures vanquished.

Vanquished Creatures (collateral kills)
  A Killer Klown (Zig:6)
  A death cob (Zot:4)
  A shadow dragon (Zot:1)
  An orc warlord (Depths:3)
  A nagaraja (Snake:4)
  A draconian shifter (Zot:3)
  A draconian stormcaller (Zot:2)
  A war gargoyle (WizLab)
  A green draconian (Zot:5)
  A deep elf demonologist (Elf:1)
  A black draconian (Zot:3)
  2 yellow draconians (Zot:2)
  A jiangshi (Crypt:1)
  A fire dragon (Depths:5)
  3 death oozes (Crypt:1)
  A naga warrior (Snake:1)
  A hydra (Lair:3)
  An anaconda (Snake:4)
  A vampire mage (Crypt:2)
  A deep elf knight (Elf:1)
  A glowing orange brain (Depths:5)
  A phantasmal warrior (Crypt:1)
  2 deep elf archers (Elf:1)
  A mana viper (Snake:1)
  A naga mage (Snake:4)
  A vault sentinel (Vaults:1)
  2 slime creatures (Slime:4)
  A wraith (Crypt:1)
  A yak (D:12)
  An orc warrior (Orc:2)
  2 earth elementals (WizLab)
  A yaktaur skeleton (Crypt:1)
  A hound (D:12)
  An iguana (Lair:3)
  2 ufetubi (Depths:5)
42 creatures vanquished.

Vanquished Creatures (others)
  A green draconian (Zot:4)
  An ogre mage (Vaults:3)
  A vampire mage (Depths:4)
  A deep elf knight (Vaults:1)
  A swamp dragon (Swamp:4)
  An anaconda skeleton (Hell)
  A deep elf pyromancer (D:12)
  3 bloated husks
  A swamp worm (Swamp:1)
  An orc warrior (Vaults:2)
  An ogre (Vaults:2)
  3 white imps (IceCv)
  4 ufetubi (IceCv)
  A fire vortex (Lair:2)
  26 foxfires
  33 fungi
  81 plants
  14 withered plants
175 creatures vanquished.

Grand Total: 3024 creatures vanquished

Notes
Turn   | Place    | Note
-------+----------+-------------------------------------------
     0 | D:1      | dolemite99 the Hill Orc Fighter began the quest for the
                  | Orb.
     0 | D:1      | Reached XP level 1. HP: 19/19 MP: 1/1
   188 | D:1      | Reached XP level 2. HP: 22/26 MP: 2/2
   671 | D:2      | Reached XP level 3. HP: 31/31 MP: 3/3
  1036 | D:2      | Reached skill level 5 in Axes
  1150 | D:2      | Reached XP level 4. HP: 36/39 MP: 4/4
  2027 | D:3      | Reached XP level 5. HP: 41/45 MP: 5/5
  2252 | D:3      | Noticed Terence
  2265 | D:3      | Killed Terence
  2769 | D:4      | Noticed Eustachio
  2796 | D:3      | Killed Eustachio
  2797 | D:3      | Reached XP level 6. HP: 17/51 MP: 6/6
  3331 | D:4      | Reached XP level 7. HP: 44/57 MP: 7/7
  3332 | D:4      | Found an iron altar of Okawaru.
  3422 | D:4      | Became a worshipper of Warmaster Okawaru
  3521 | D:4      | Reached skill level 10 in Axes
  3725 | D:4      | Found a white marble altar of Elyvilon.
  3752 | D:4      | Noticed Blork the orc
  3763 | D:4      | Killed Blork the orc
  4012 | D:4      | Reached * piety under Okawaru
  4058 | D:4      | Found an ornate altar of the Wu Jian Council.
  4241 | D:4      | Noticed Grinder
  4273 | D:4      | Found a staircase to the Ecumenical Temple.
  4281 | D:4      | Killed Grinder
  4282 | D:4      | Reached XP level 8. HP: 49/64 MP: 8/8
  4504 | D:4      | Reached skill level 4 in Fighting
  5265 | D:5      | Entered Level 5 of the Dungeon
  5369 | D:5      | Reached skill level 5 in Fighting
  5710 | D:5      | Found a transporter.
  5784 | D:5      | Found a transporter.
  5785 | D:5      | Noticed jasper's ghost (amateur SpFi)
  5945 | D:5      | Found a burning altar of Makhleb.
  6046 | D:5      | Reached skill level 5 in Armour
  6321 | D:6      | Reached ** piety under Okawaru
  6351 | D:6      | Reached skill level 6 in Fighting
  6522 | D:6      | Reached XP level 9. HP: 78/78 MP: 9/9
  6639 | D:6      | Found an iron altar of Okawaru.
  6679 | D:6      | Noticed Pikel
  6701 | D:6      | Killed Pikel
  6702 | D:6      | Reached skill level 7 in Fighting
  6951 | D:6      | Found a broken altar of Ashenzari.
  6984 | D:6      | Reached *** piety under Okawaru
  6985 | D:6      | Reached skill level 1 in Invocations
  7601 | D:7      | Reached skill level 5 in Invocations
  8196 | D:7      | Noticed Menkaure
  8201 | D:7      | Killed Menkaure
  8403 | D:7      | Noticed Harold
  8419 | D:7      | Killed Harold
  8420 | D:7      | Reached XP level 10. HP: 75/88 MP: 13/15
  8539 | D:7      | Found the +2 ratskin cloak {*Rats rPois rN+ Str-1 Int-1
                  | Dex+1}
  8841 | D:8      | Noticed a two-headed ogre
  8865 | D:8      | Killed a two-headed ogre
  8865 | D:8      | Reached **** piety under Okawaru
  9438 | D:8      | Found a sacrificial altar of Ru.
  9438 | D:8      | Found an ancient bone altar of Kikubaaqudgha.
  9438 | D:8      | Found a shadowy altar of Dithmenos.
  9836 | D:9      | Noticed Gastronok
  9904 | D:9      | Reached skill level 1 in Evocations
 10445 | D:9      | Killed Gastronok
 10445 | D:9      | Reached ***** piety under Okawaru
 10445 | D:9      | Received a gift from Okawaru
 10446 | D:9      | Reached XP level 11. HP: 45/94 MP: 16/16
 10618 | D:9      | Noticed Maurice
 10622 | D:9      | Found a staircase to the Lair.
 10634 | D:9      | Killed Maurice
 10712 | D:9      | Reached skill level 8 in Fighting
 11044 | D:9      | Noticed a two-headed ogre
 11049 | D:9      | Killed a two-headed ogre
 11287 | D:10     | Entered Level 10 of the Dungeon
 11305 | D:10     | Noticed a six-headed hydra
 11324 | D:10     | Killed a six-headed hydra
 12009 | D:10     | Found a blossoming altar of Fedhas.
 12115 | D:11     | Noticed an eight-headed hydra
 12134 | D:11     | Killed an eight-headed hydra
 12135 | D:11     | Reached skill level 15 in Axes
 12490 | D:11     | Noticed a two-headed ogre
 12494 | D:11     | Killed a two-headed ogre
 12495 | D:11     | Reached skill level 9 in Fighting
 12649 | D:11     | Found a staircase to the Orcish Mines.
 12744 | D:11     | You fall into a shaft and drop 1 floor!
 12744 | D:12     | Found a blossoming altar of Fedhas.
 12761 | D:12     | Noticed a tengu warrior
 12769 | D:12     | Killed a tengu warrior
 12775 | D:12     | Noticed a six-headed hydra
 12790 | D:12     | Killed a six-headed hydra
 12791 | D:12     | Reached XP level 12. HP: 31/105 MP: 17/17
 13284 | D:12     | Noticed a two-headed ogre
 13309 | D:12     | Killed a two-headed ogre
 13310 | D:12     | Reached skill level 10 in Fighting
 13767 | D:12     | Noticed an ogre mage
 13772 | D:12     | Killed an ogre mage
 13772 | D:12     | Received a gift from Okawaru
 14029 | D:11     | Noticed a two-headed ogre
 14042 | D:11     | Killed a two-headed ogre
 14257 | D:11     | Found a runed translucent gate.
 14257 | D:11     | Found a runed translucent gate.
 14257 | D:11     | Found a runed translucent gate.
 14262 | D:11     | Noticed caco's ghost (journeyman PaFi)
 14264 | D:11     | Found a viscous altar of Jiyva.
 14363 | D:11     | Noticed an eight-headed hydra
 14373 | D:11     | Killed an eight-headed hydra
 14374 | D:11     | Reached skill level 10 in Armour
 14989 | D:12     | Got a warped lajatang
 15084 | D:12     | Noticed a boulder beetle
 15088 | D:12     | Found an ornate altar of the Wu Jian Council.
 15088 | D:12     | Found a hide-covered altar of Uskayaw.
 15107 | D:12     | Killed a boulder beetle
 15108 | D:12     | Reached skill level 11 in Fighting
 15405 | D:12     | Noticed Frances
 15417 | D:12     | Killed Frances
 15418 | D:12     | Reached XP level 13. HP: 114/116 MP: 16/18
 17431 | Lair:1   | Entered Level 1 of the Lair of Beasts
 18347 | Lair:1   | Reached skill level 12 in Fighting
 19303 | Lair:2   | Received a gift from Okawaru
 20297 | Lair:2   | Received a gift from Okawaru
 20310 | Lair:2   | Found a staircase to the Snake Pit.
 20563 | Lair:2   | Reached skill level 1 in Bows
 20634 | Lair:2   | Reached XP level 14. HP: 124/127 MP: 19/19
 21107 | Lair:3   | Identified the +7 lajatang "Ridd" {protect, rElec rC+
                  | Int-4} (You found it on level 12 of the Dungeon)
 21194 | Lair:3   | Received a gift from Okawaru
 21518 | Lair:3   | Reached skill level 5 in Bows
 22115 | Lair:3   | Found a staircase to the Swamp.
 22595 | Lair:4   | Received a gift from Okawaru
 22708 | Lair:4   | Received a gift from Okawaru
 22858 | Lair:4   | Found a runed translucent gate.
 22866 | Lair:4   | Found a runed translucent gate.
 22866 | Lair:4   | Noticed ALWAYSlose's ghost (journeyman MiBe)
 22867 | Lair:4   | Found a runed translucent gate.
 22868 | Lair:4   | Found a viscous altar of Jiyva.
 25394 | Lair:6   | Entered Level 6 of the Lair of Beasts
 25396 | Lair:6   | Got a jewelled falchion
 26235 | Lair:6   | Reached XP level 15. HP: 134/134 MP: 20/20
 26265 | Lair:6   | Received a gift from Okawaru
 26287 | Lair:6   | Reached skill level 10 in Evocations
 26698 | Lair:6   | Received a gift from Okawaru
 26997 | Lair:6   | Received a gift from Okawaru
 27549 | Lair:6   | Reached skill level 10 in Bows
 27877 | Lair:6   | Found a viscous altar of Jiyva.
 27877 | Lair:6   | Found a staircase to the Slime Pits.
 28580 | Orc:1    | Entered Level 1 of the Orcish Mines
 28787 | Orc:1    | Noticed Josephine
 28802 | Orc:1    | Killed Josephine
 29009 | Orc:1    | Found an iron altar of Okawaru.
 29156 | Orc:1    | Noticed an orc warlord
 29203 | Orc:1    | Killed an orc warlord
 29328 | Orc:1    | Found a roughly hewn altar of Beogh.
 30536 | Orc:2    | Entered Level 2 of the Orcish Mines
 30546 | Orc:2    | Found a roughly hewn altar of Beogh.
 30602 | Orc:2    | Received a gift from Okawaru
 31191 | Orc:2    | Reached skill level 13 in Fighting
 31223 | Orc:2    | Found a staircase to the Elven Halls.
 31591 | Orc:2    | Reached XP level 16. HP: 115/143 MP: 19/21
 31954 | Orc:2    | Found Zeote's Distillery.
 31954 | Orc:2    | Found Ytauck's Armour Shop.
 31956 | Orc:2    | Found Kazuzel's Book Boutique.
 31958 | Orc:2    | Found Plog's Distillery.
 32228 | Orc:2    | Bought a potion of resistance for 110 gold pieces
 32228 | Orc:2    | Bought a potion of heal wounds for 55 gold pieces
 32228 | Orc:2    | Bought a potion of might for 44 gold pieces
 32228 | Orc:2    | Bought a potion of haste for 110 gold pieces
 32228 | Orc:2    | Bought a potion of curing for 33 gold pieces
 32228 | Orc:2    | Bought a potion of curing for 33 gold pieces
 32230 | Orc:2    | Bought a potion of curing for 33 gold pieces
 32230 | Orc:2    | Bought a potion of curing for 33 gold pieces
 32230 | Orc:2    | Bought 2 potions of heal wounds for 110 gold pieces
 32230 | Orc:2    | Bought a potion of cancellation for 88 gold pieces
 32241 | Orc:2    | Bought the +1 plate armour of Words of Power {Str+2 Slay+5}
                  | for 842 gold pieces
 32258 | Orc:2    | Identified the +10 falchion "Cecw" {elec, rF+ Str-3 Int-3
                  | Dex+7} (You found it on level 6 of the Lair of Beasts)
 32470 | D:13     | Received a gift from Okawaru
 33351 | D:14     | Found a gate to the Vaults.
 33677 | D:14     | Found a flagged portal.
 33718 | Bailey   | Entered a bailey
 33798 | Bailey   | Found an iron altar of Okawaru.
 33802 | Bailey   | Received a gift from Okawaru
 34284 | Bailey   | Reached skill level 14 in Fighting
 34481 | Bailey   | Acquired 727 gold pieces
 34903 | D:15     | Entered Level 15 of the Dungeon
 35120 | D:15     | Received a gift from Okawaru
 36121 | D:15     | Found a staircase to the Depths.
 36191 | D:15     | Found Zyidiod's Assorted Antiques.
 36300 | D:15     | Bought a scroll of teleportation for 72 gold pieces
 36300 | D:15     | Bought 2 sedimented grey potions for 43 gold pieces
 36300 | D:15     | Bought a potion of curing for 72 gold pieces
 36719 | Snake:1  | Entered Level 1 of the Snake Pit
 37098 | Snake:1  | Found a frozen archway.
 37107 | IceCv    | Entered an ice cave
 37129 | IceCv    | Received a gift from Okawaru
 37708 | IceCv    | Reached skill level 15 in Fighting
 37811 | IceCv    | Received a gift from Okawaru
 39623 | Snake:1  | Reached XP level 17. HP: 105/156 MP: 20/22
 40608 | Snake:1  | Acquired a manual of Translocations
 41049 | Snake:2  | Received a gift from Okawaru
 41266 | Snake:2  | Reached skill level 16 in Fighting
 41769 | Snake:3  | Noticed Vashnia
 41819 | Snake:3  | Killed Vashnia
 41820 | Snake:3  | Reached skill level 15 in Armour
 41864 | Snake:3  | Received a gift from Okawaru
 42729 | Snake:3  | Identified Roxanne's Guide on Transmigration
 42729 | Snake:3  | Noticed Roxanne
 43783 | Swamp:1  | Entered Level 1 of the Swamp
 44605 | Swamp:1  | Reached skill level 17 in Fighting
 44951 | Swamp:1  | You fall into a shaft and drop 1 floor!
 45603 | Swamp:2  | Received a gift from Okawaru
 46091 | Swamp:2  | Received a gift from Okawaru
 46151 | Swamp:2  | Reached XP level 18. HP: 171/171 MP: 23/23
 46803 | Swamp:2  | Reached skill level 18 in Fighting
 46935 | Swamp:2  | Identified the cursed +0 flail of Youthful Indiscretion
                  | {elec, rPois rC+}
 47233 | Swamp:3  | Received a gift from Okawaru
 47567 | Swamp:3  | Received a gift from Okawaru
 47576 | Swamp:3  | Acquired a manual of Armour
 48058 | Swamp:3  | Identified the ring "Ninter" {rN+ Will+ Int+2} (You found
                  | it on level 3 of the Swamp)
 48202 | Swamp:4  | Entered Level 4 of the Swamp
 48411 | Snake:4  | Entered Level 4 of the Snake Pit
 48477 | Snake:4  | Received a gift from Okawaru
 48740 | Snake:4  | Found Xiufuam's Magic Scroll Shop.
 48769 | Snake:4  | Bought 3 scrolls of summoning for 513 gold pieces
 48769 | Snake:4  | Bought a scroll of blinking for 135 gold pieces
 48769 | Snake:4  | Bought a scroll of blinking for 135 gold pieces
 48769 | Snake:4  | Bought a scroll of teleportation for 54 gold pieces
 48769 | Snake:4  | Bought a scroll of teleportation for 54 gold pieces
 48769 | Snake:4  | Bought a scroll of teleportation for 54 gold pieces
 48769 | Snake:4  | Bought a scroll of teleportation for 54 gold pieces
 48769 | Snake:4  | Bought a scroll of enchant weapon for 135 gold pieces
 48769 | Snake:4  | Bought a scroll of enchant armour for 135 gold pieces
 48769 | Snake:4  | Bought a scroll of holy word for 135 gold pieces
 48769 | Snake:4  | Bought a scroll of remove curse for 54 gold pieces
 48769 | Snake:4  | Bought a scroll of identify for 36 gold pieces
 48795 | Snake:4  | Found Tugicw's Weapon Shoppe.
 48971 | Snake:4  | Found a stormy altar of Qazlal.
 49252 | Snake:4  | Found Gaipt's Weapon Shoppe.
 49278 | Snake:4  | Found Dugunyef's Assorted Antiques.
 49288 | Snake:4  | Bought a potion of heal wounds for 175 gold pieces
 49288 | Snake:4  | Bought a wand of iceblast (4) for 140 gold pieces
 49288 | Snake:4  | Bought a scroll of identify for 70 gold pieces
 49412 | Snake:4  | Received a gift from Okawaru
 49817 | Snake:4  | Received a gift from Okawaru
 50627 | Snake:4  | Received a gift from Okawaru
 51282 | Snake:4  | Received a gift from Okawaru
 51439 | Snake:4  | Got a serpentine rune of Zot
 51620 | Snake:4  | Found Dycruask's Assorted Antiques.
 51628 | Snake:4  | Bought a scroll of teleportation for 93 gold pieces
 51905 | Swamp:4  | Received a gift from Okawaru
 52068 | Swamp:4  | Received a gift from Okawaru
 52089 | Swamp:4  | Reached XP level 19. HP: 157/179 MP: 21/24
 52264 | Swamp:4  | Got a decaying rune of Zot
 52451 | Swamp:4  | Received a gift from Okawaru
 53913 | Vaults:1 | Entered Level 1 of the Vaults
 54036 | Vaults:1 | Received a gift from Okawaru
 54452 | Vaults:1 | Learned a level 1 spell: Apportation
 54459 | Vaults:1 | Reached skill level 1 in Translocations
 54520 | Vaults:1 | Identified Sif Muna's Guide on Hexes and the Traveller
 54905 | Vaults:1 | Reached skill level 5 in Translocations
 54907 | Vaults:1 | Received a gift from Okawaru
 55037 | Vaults:1 | Received a gift from Okawaru
 55303 | Vaults:1 | Paralysed by a great orb of eyes for 5 turns
 55985 | Vaults:1 | Received a gift from Okawaru
 56339 | Vaults:1 | Identified the ring of Haduowa {*Contam rElec rN+ Slay+3
                  | SInv}
 56621 | Vaults:2 | Paralysed by a hornet for 2 turns
 56646 | Vaults:2 | Reached skill level 10 in Translocations
 56660 | Vaults:2 | Received a gift from Okawaru
 56689 | Vaults:2 | Found a flickering gateway to a bazaar.
 56699 | Bazaar   | Entered a bazaar
 56703 | Bazaar   | Found Joes's Jewellery Boutique.
 56725 | Bazaar   | Found Zynailia's Antique Armour Emporium.
 56746 | Bazaar   | Found Yfucoch's Distillery.
 56766 | Bazaar   | Found Ugac's Antique Weapon Shoppe.
 56807 | Bazaar   | Bought a potion of might for 52 gold pieces
 56807 | Bazaar   | Bought a potion of invisibility for 104 gold pieces
 56807 | Bazaar   | Bought a potion of cancellation for 104 gold pieces
 56807 | Bazaar   | Bought 2 potions of might for 104 gold pieces
 56807 | Bazaar   | Bought a potion of resistance for 130 gold pieces
 56852 | Vaults:2 | Reached skill level 1 in Spellcasting
 56871 | Vaults:2 | Reached XP level 20. HP: 180/188 MP: 23/25
 56948 | Vaults:2 | Received a gift from Okawaru
 57626 | Vaults:2 | Found a staircase to the Crypt.
 59010 | Vaults:2 | Reached skill level 19 in Fighting
 59361 | Vaults:2 | Noticed Margery
 59366 | Vaults:2 | Received a gift from Okawaru
 59953 | Vaults:2 | Killed Margery
 60484 | Vaults:3 | Received a gift from Okawaru
 60971 | Vaults:3 | Received a gift from Okawaru
 61004 | Vaults:3 | Received a gift from Okawaru
 61316 | Vaults:3 | Reached skill level 20 in Fighting
 61316 | Vaults:3 | Reached XP level 21. HP: 201/201 MP: 26/26
 61337 | Vaults:3 | Reached skill level 15 in Bows
 61702 | Vaults:3 | Found a large runed translucent door.
 61702 | Vaults:3 | Noticed quaternion's ghost (veteran MiFi)
 61704 | Vaults:3 | Found a large runed translucent door.
 61704 | Vaults:3 | Noticed canine's ghost (adept DrVM)
 61854 | Vaults:3 | Received a gift from Okawaru
 62587 | Vaults:3 | Found Podi's Book Shop.
 62670 | Vaults:3 | Bought a book of Necromancy for 450 gold pieces
 62673 | Vaults:3 | Learned a level 1 spell: Animate Skeleton
 62706 | Vaults:3 | Reached ****** piety under Okawaru
 63136 | Vaults:4 | Found Ataell's Assorted Antiques.
 63144 | Vaults:4 | Bought a scroll labelled BILEX HU JAU for 44 gold pieces
 63696 | Vaults:4 | Reached skill level 21 in Fighting
 63752 | Vaults:4 | Received a gift from Okawaru
 64071 | Vaults:4 | Found a runed translucent door.
 64073 | Vaults:4 | Noticed Ulaemata's ghost (adept HaHu)
 64638 | Vaults:4 | Noticed Mara
 64649 | Vaults:4 | Noticed dolemite99's illusion
 64663 | Vaults:4 | Killed Mara
 65083 | Elf:1    | Entered Level 1 of the Elven Halls
 65312 | Elf:1    | Reached XP level 22. HP: 214/214 MP: 27/27
 66000 | Elf:1    | Noticed Jorgrun
 66011 | Elf:1    | Killed Jorgrun
 66314 | Elf:1    | Reached skill level 22 in Fighting
 67467 | Elf:2    | Received a gift from Okawaru
 67468 | Elf:2    | Found the +11 plutonium sword {*Contam Stlth-}
 67473 | Elf:2    | Found a runed translucent gate.
 67473 | Elf:2    | Found a runed translucent gate.
 67474 | Elf:2    | Found a runed translucent gate.
 68838 | Vaults:4 | Bought a transparent lead ring for 220 gold pieces
 68840 | Vaults:4 | Identified the ring of Elyvilon's Benevolence {rCorr Str-2
                  | Dex+5} (You bought it in a shop on level 4 of the Vaults)
 68848 | Vaults:4 | Bought a glowing helmet for 330 gold pieces
 69090 | Depths:1 | Entered Level 1 of the Depths
 69114 | Depths:1 | Found a gateway to Hell.
 69589 | Depths:1 | You fall into a shaft and drop 1 floor!
 69601 | Depths:2 | Received a gift from Okawaru
 70151 | Depths:1 | Noticed a golden dragon
 70183 | Depths:1 | Reached skill level 23 in Fighting
 70600 | Depths:1 | Noticed Bai Suzhen
 70619 | Depths:1 | Killed Bai Suzhen
 71064 | Depths:1 | Found a one-way gate to the infinite horrors of the Abyss.
 71516 | Depths:1 | Reached XP level 23. HP: 179/227 MP: 20/28
 71863 | Depths:2 | Received a gift from Okawaru
 72049 | Depths:2 | Identified the ring of Kaidoiku {Fire Str+4 Dex+2 Slay-2}
                  | (You found it on level 2 of the Depths)
 72333 | Depths:2 | Identified the +11 chain mail "Fuxogg" {Int+2 Slay+3} (You
                  | found it on level 2 of the Depths)
 72587 | Depths:2 | Found Ytwed's Jewellery Shop.
 73066 | Depths:3 | Found Nyqun's Armour Boutique.
 73223 | Depths:3 | Reached skill level 24 in Fighting
 73373 | Depths:3 | Received a gift from Okawaru
 73621 | Depths:3 | Received a gift from Okawaru
 74028 | Depths:3 | Found a runed translucent door.
 74029 | Depths:3 | Noticed a dread lich
 74085 | Depths:3 | Found a runed translucent door.
 74175 | Depths:3 | Found a gateway to a ziggurat.
 74507 | Depths:3 | Found a one-way gate leading to the halls of Pandemonium.
 74682 | Depths:3 | Identified the cursed +1 demon blade "Coso Epieho" {venom,
                  | rPois rN+++}
 74853 | Depths:3 | Received a gift from Okawaru
 74855 | Depths:3 | Paralysed by a hornet for 3 turns
 75311 | Depths:3 | Received a gift from Okawaru
 75327 | Depths:3 | Reached XP level 24. HP: 238/238 MP: 28/28
 76860 | Depths:4 | Reached skill level 15 in Evocations
 77149 | Depths:4 | Noticed a juggernaut
 77165 | Depths:4 | Killed a juggernaut
 77165 | Depths:4 | Received a gift from Okawaru
 77714 | Depths:4 | Received a gift from Okawaru
 78013 | Depths:4 | Received a gift from Okawaru
 78540 | Vaults:4 | Bought a scroll of teleportation for 132 gold pieces
 78870 | Elf:3    | Entered Level 3 of the Elven Halls
 79000 | Elf:3    | Found a magical portal.
 79026 | WizLab   | Entered Doroklohe's Tomb
 79321 | WizLab   | Acquired the ring of Xelaonku {rF+ rN+++ MP-9 Str+6 Dex+3}
 79939 | Elf:3    | Found Bots's Assorted Antiques.
 79941 | Elf:3    | Found Iral Mae's Armour Boutique.
 79943 | Elf:3    | Found Fuetuuj's Magic Scroll Shop.
 79947 | Elf:3    | Bought a scroll labelled TATUEQ UMISH for 37 gold pieces
 79952 | Elf:3    | Bought a scroll of fog for 30 gold pieces
 79952 | Elf:3    | Bought a scroll of fear for 52 gold pieces
 80494 | Elf:3    | Received a gift from Okawaru
 81156 | Elf:3    | Identified the +3 chain mail of Levity {rC+ Will+} (You
                  | found it on level 3 of the Elven Halls)
 81239 | Elf:3    | Identified the +12 battleaxe "Newt's Death Toll" {speed,
                  | Stlth+}
 81239 | Elf:3    | Identified the ring of Grontol {*Slow rPois rF+ Dex+5}
 81302 | Elf:3    | Identified the +4 plate armour of Hysteria {Rampage Regen+}
                  | (You found it on level 3 of the Elven Halls)
 81307 | Elf:3    | Identified the +1 helmet "Ymij" {Str+4} (You found it on
                  | level 3 of the Elven Halls)
 81717 | Crypt:1  | Entered Level 1 of the Crypt
 81770 | Crypt:1  | Received a gift from Okawaru
 81789 | Crypt:1  | Reached XP level 25. HP: 223/245 MP: 19/28
 81918 | Crypt:1  | Received a gift from Okawaru
 82819 | Crypt:2  | Received a gift from Okawaru
 83577 | Crypt:3  | Entered Level 3 of the Crypt
 83603 | Crypt:3  | Received a gift from Okawaru
 83844 | Crypt:3  | Received a gift from Okawaru
 83894 | Crypt:3  | Identified the +2 cloak of Seng {+Blink rF+++ Will- Dex+8}
                  | (Okawaru gifted it to you on level 3 of the Crypt)
 83900 | Crypt:3  | Identified the Volume of Evil Enchantment
 84264 | Crypt:3  | Found a staircase to the Tomb.
 85418 | Crypt:3  | Identified the Tome of Illusion
 86135 | Depths:5 | Entered Level 5 of the Depths
 86135 | Depths:5 | Noticed a juggernaut
 86146 | Depths:5 | Killed a juggernaut
 86270 | Depths:5 | Reached XP level 26. HP: 254/254 MP: 19/28
 86379 | Depths:5 | Found a gate to the Realm of Zot.
 86518 | Depths:5 | Found Uchung's Antique Armour Boutique.
 86579 | Depths:5 | Received a gift from Okawaru
 86975 | Depths:5 | Found a flickering gateway to a bazaar.
 86984 | Bazaar   | Entered a bazaar
 87004 | Bazaar   | Found Pitsi's Antique Armour Emporium.
 87019 | Bazaar   | Found Sunoihua's Book Shoppe.
 87024 | Bazaar   | Bought a book of Minor Magic for 160 gold pieces
 87030 | Bazaar   | Learned a level 2 spell: Passwall
 87033 | Bazaar   | Learned a level 2 spell: Blink
 87045 | Bazaar   | Found Razih's Weapon Shoppe.
 87045 | Bazaar   | Found Lant's Antique Armour Emporium.
 87114 | Bazaar   | Bought a shiny helmet for 172 gold pieces
 87282 | Depths:5 | Acquired 836 gold pieces
 87506 | Depths:5 | Found Gestrent's Weapon Boutique.
 87843 | Depths:5 | Received a gift from Okawaru
 87936 | Depths:5 | Found Ecot Vir's Magic Scroll Shop.
 87945 | Depths:5 | Bought a scroll of holy word for 105 gold pieces
 87945 | Depths:5 | Bought a scroll of blinking for 105 gold pieces
 87945 | Depths:5 | Bought a scroll of silence for 105 gold pieces
 87945 | Depths:5 | Bought a scroll of magic mapping for 49 gold pieces
 87945 | Depths:5 | Bought a scroll of teleportation for 42 gold pieces
 88971 | Orc:2    | Bought a potion of magic for 88 gold pieces
 89078 | Elf:3    | Bought a scroll of enchant weapon for 112 gold pieces
 89078 | Elf:3    | Bought a scroll of identify for 30 gold pieces
 89079 | Elf:3    | Bought a scroll of enchant armour for 112 gold pieces
 89268 | D:11     | Killed caco's ghost
 89521 | Vaults:5 | Entered Level 5 of the Vaults
 89584 | Vaults:5 | Received a gift from Okawaru
 89806 | Vaults:5 | Received a gift from Okawaru
 90015 | Vaults:5 | Received a gift from Okawaru
 90056 | Vaults:5 | Identified the +6 glaive of the Five Xeniums {vorpal,
                  | Dex+3}
 90363 | Vaults:5 | Received a gift from Okawaru
 90475 | Vaults:5 | Identified the ring of Cuono {+Blink rF+ rN+ Int+3}
 90588 | Vaults:5 | Received a gift from Okawaru
 90681 | Vaults:5 | Noticed a dread lich
 90696 | Vaults:5 | Killed a dread lich
 90712 | Vaults:5 | Reached XP level 27. HP: 261/264 MP: 18/28
 90922 | Vaults:5 | Identified the +5 whip of Triumph {antimagic, Dex+4}
 90928 | Vaults:5 | Received a gift from Okawaru
 90938 | Vaults:5 | Noticed Jory
 90948 | Vaults:5 | Killed Jory
 90948 | Vaults:5 | Identified the +10 war axe of the Little People {vorpal,
                  | MP+9 Int+2}
 90953 | Vaults:5 | Reached skill level 25 in Fighting
 90958 | Vaults:5 | Noticed a dread lich
 90963 | Vaults:5 | Received a gift from Okawaru
 90963 | Vaults:5 | Identified the +6 plate armour of Vovose {rElec Will- Str+4
                  | Int-5}
 90968 | Vaults:5 | Identified the +5 scale mail of the Jabberwock {+Inv rC+
                  | Str+7}
 90969 | Vaults:5 | Killed a dread lich
 91659 | Vaults:5 | Acquired 988 gold pieces
 91800 | Vaults:5 | Identified the Tome of Battle Magic
 92099 | Vaults:5 | Noticed an ancient lich
 92110 | Vaults:5 | Killed an ancient lich
 92312 | Vaults:5 | Identified the -5 pair of gloves of the Devil's Team {rF+
                  | MP+9 Dex+4} (You found it on level 5 of the Vaults)
 92342 | Vaults:5 | Got a silver rune of Zot
 92520 | Vaults:5 | Upgraded the game from 0.27-a0-277-g024f7ef292 to
                  | 0.27-a0-279-gdfb9265905
 92824 | Zig:1    | Entered Level 1 of a ziggurat
 92850 | Zig:2    | Entered Level 2 of a ziggurat
 92882 | Zig:3    | Entered Level 3 of a ziggurat
 93239 | Zig:4    | Entered Level 4 of a ziggurat
 93285 | Zig:5    | Entered Level 5 of a ziggurat
 93613 | Zig:5    | Identified the Volume of Unholy Confrontation
 93620 | Zig:5    | Identified the +0 helmet of the True Pharaoh {Dex+3} (You
                  | found it on level 5 of a ziggurat)
 93642 | Zig:6    | Entered Level 6 of a ziggurat
 94080 | Zig:7    | Entered Level 7 of a ziggurat
 94501 | Zig:7    | Reached skill level 5 in Earth Magic
 94614 | Zig:8    | Entered Level 8 of a ziggurat
 94636 | Zig:8    | Reached skill level 1 in Transmutations
 94894 | Zig:9    | Entered Level 9 of a ziggurat
 94902 | Zig:9    | Found the +10 zealot's sword {holy, *Rage rN+ EV+3}
 94902 | Zig:9    | Noticed Miafufro the pandemonium lord
 95407 | Depths:5 | Found Xaum's General Store.
 95439 | Zot:1    | Entered Level 1 of the Realm of Zot
 95456 | Zot:1    | Received a gift from Okawaru
 95465 | Zot:1    | Noticed stpyramids's ghost (legendary DDFi)
 95504 | Zot:1    | Received a gift from Okawaru
 95844 | Zot:1    | Reached skill level 5 in Transmutations
 95858 | Zot:1    | Identified the amulet "Rooxzel" {Reflect rF+ rC+ Str+3
                  | SH+5}
 97255 | Zot:1    | Found a transporter.
 97882 | Hell     | Entered the Vestibule of Hell
 97882 | Hell     | Noticed Geryon
 97924 | Hell     | Received a gift from Okawaru
 97926 | Hell     | Killed Geryon
 98479 | Hell     | Received a gift from Okawaru
 98483 | Hell     | Found a gateway to the ashen valley of Gehenna.
 98717 | Hell     | Found a gateway to the Iron City of Dis.
 98844 | Hell     | Found a gateway to the freezing wastes of Cocytus.
 99157 | Hell     | Found a gateway to the decaying netherworld of Tartarus.
 99557 | Slime:1  | Entered Level 1 of the Pits of Slime
 99565 | Slime:1  | Gained mutation: You occasionally shout uncontrollably at
                  | your foes. [a shining eye]
 99567 | Slime:1  | Gained mutation: You sometimes yell uncontrollably at your
                  | foes. [a shining eye]
 99571 | Slime:1  | Gained mutation: You are clumsy. (Dex -2) [a shining eye]
 99651 | Slime:2  | Received a gift from Okawaru
 99856 | Slime:3  | Reached skill level 10 in Earth Magic
 99993 | Slime:4  | Gained mutation: Your mind is acute. (Int +2) [a shining
                  | eye]
 99998 | Slime:4  | Paralysed by a floating eye for 2 turns
100011 | Slime:4  | Lost mutation: You sometimes yell uncontrollably at your
                  | foes. [a shining eye]
100212 | Slime:4  | Received a gift from Okawaru
100572 | Slime:4  | Gained mutation: You are very clumsy. (Dex -4) [a shining
                  | eye]
101024 | Slime:5  | Entered Level 5 of the Pits of Slime
101152 | Slime:5  | Reached skill level 26 in Fighting
101685 | Slime:5  | Received a gift from Okawaru
102076 | Slime:5  | Noticed the Royal Jelly
102095 | Slime:5  | Found a viscous altar of Jiyva.
102118 | Slime:5  | Killed the Royal Jelly
102158 | Slime:5  | Gained mutation: You tend to lose your temper in combat. [a
                  | shining eye]
102658 | Slime:5  | Got a brightly glowing sapphire amulet
102662 | Slime:5  | Identified the amulet "Kinum" {rF- Regen+ Str+4 Dex+6} (You
                  | found it on level 5 of the Pits of Slime)
102736 | Slime:5  | Got a slimy rune of Zot
102777 | Slime:5  | Identified the ring "Foplud" {rPois rF+ rN+ MP+9 Stlth-}
                  | (You found it on level 5 of the Pits of Slime)
102809 | Slime:5  | Identified the cursed +3 scimitar of Ifiewim {holy, rF++
                  | Str+7 Int+4} (You found it on level 5 of the Pits of Slime)
103508 | Snake:4  | Bought a potion of mutation for 280 gold pieces
103508 | Snake:4  | Bought a pair of glowing boots for 262 gold pieces
103513 | Snake:4  | Bought a papyrus book for 525 gold pieces
103812 | Orc:2    | Bought a potion of attraction for 33 gold pieces
103812 | Orc:2    | Bought a potion of mutation for 88 gold pieces
103812 | Orc:2    | Bought a potion of brilliance for 44 gold pieces
103812 | Orc:2    | Bought a potion of ambrosia for 88 gold pieces
103814 | Orc:2    | Bought a potion of attraction for 33 gold pieces
103814 | Orc:2    | Bought a potion of flight for 33 gold pieces
103814 | Orc:2    | Bought 2 potions of flight for 66 gold pieces
103814 | Orc:2    | Bought a potion of brilliance for 44 gold pieces
104159 | Depths:5 | Lost mutation: You are very clumsy. (Dex -4) [potion of
                  | mutation]
104159 | Depths:5 | Lost mutation: You are clumsy. (Dex -2) [potion of
                  | mutation]
104159 | Depths:5 | Lost mutation: You tend to lose your temper in combat.
                  | [potion of mutation]
104159 | Depths:5 | Gained mutation: Your body sometimes deteriorates upon
                  | taking damage. [potion of mutation]
104159 | Depths:5 | Gained mutation: You are partially covered in iridescent
                  | scales. (AC +2) [potion of mutation]
104159 | Depths:5 | Gained mutation: Your muscles are strong. (Str +2) [potion
                  | of mutation]
104159 | Depths:5 | Gained mutation: You possess an exceptional clarity of
                  | mind. [potion of mutation]
104386 | Zot:1    | Found a transporter.
104648 | Zot:1    | Received a gift from Okawaru
104986 | Zot:1    | Received a gift from Okawaru
105491 | Zot:2    | Reached skill level 10 in Transmutations
105569 | Zot:2    | Reached skill level 1 in Necromancy
105615 | Zot:2    | Received a gift from Okawaru
105936 | Zot:2    | Reached skill level 5 in Necromancy
107320 | Zot:3    | Received a gift from Okawaru
107742 | Zot:3    | Received a gift from Okawaru
107757 | Zot:3    | Reached skill level 10 in Necromancy
107891 | Zot:3    | Noticed an orb of fire
107910 | Zot:3    | Lost mutation: You possess an exceptional clarity of mind.
                  | [an orb of fire]
107911 | Zot:3    | Killed an orb of fire
108080 | Zot:3    | Identified the cursed +0 plate armour "Damnable
                  | Contraption" {+Blink rCorr Int-2} (You found it on level 3
                  | of the Realm of Zot)
108904 | Zot:4    | Reached skill level 27 in Fighting
109432 | Zot:4    | Received a gift from Okawaru
109747 | Zot:4    | Received a gift from Okawaru
110085 | Zot:4    | Received a gift from Okawaru
110530 | Zot:5    | Entered Level 5 of the Realm of Zot
110749 | Zot:5    | Received a gift from Okawaru
111876 | Elf:3    | Bought a scroll of noise for 15 gold pieces
113072 | Zot:5    | Noticed an orb of fire
113090 | Zot:5    | Gained mutation: You are clumsy. (Dex -2) [an orb of fire]
113105 | Zot:5    | Killed an orb of fire
113362 | Zot:5    | Noticed an orb of fire
113366 | Zot:5    | Lost mutation: Your mind is acute. (Int +2) [an orb of
                  | fire]
113369 | Zot:5    | Noticed an orb of fire
113371 | Zot:5    | Gained mutation: Armour fits poorly on your strangely
                  | shaped body. [an orb of fire]
113380 | Zot:5    | Gained mutation: Scrolls take you a little longer to read.
                  | [an orb of fire]
113389 | Zot:5    | Gained mutation: You sometimes yell uncontrollably at your
                  | foes. [an orb of fire]
113393 | Zot:5    | Gained mutation: Scrolls take you longer to read. [an orb
                  | of fire]
113399 | Zot:5    | Killed an orb of fire
113400 | Zot:5    | Killed an orb of fire
113400 | Zot:5    | Received a gift from Okawaru
114057 | Zot:5    | Noticed an orb of fire
114083 | Zot:5    | Killed an orb of fire
114086 | Zot:5    | Received a gift from Okawaru
114098 | Zot:5    | Killed from afar by a Killer Klown

Illustrated notes

Levels and vault maps discovered:
D:1:      dpeg_arrival_ratfight, layout_rooms
D:2:      layout_basic, minmay_domino_2
D:3:      layout_basic, uniq_terence
D:4:      layout_loops_corners, general_overflow_altar, okawaru_gym_becter,
          overflow_temple_1_default, temple_hall, cheibrodos_sewer_entry_bend,
          uniq_blork_the_orc, uniq_eustachio, uniq_grinder
D:5:      layout_loops_cross, makhleb_heckhound_becter, gammafunk_ghost_arena
D:6:      layout_gridville, lemuel_crystal_altar, basic_altar, uniq_pikel
D:7:      wander_guarded_unrand_ratskin, layout_basic, uniq_harold,
          uniq_menkaure
D:8:      layout_loops_cross, gammafunk_temple_overflow_claw
D:9:      layout_roguey, dpeg_oklobed_lair, uniq_maurice, uniq_gastronok
D:10:     layout_cave_pools, basic_altar
D:11:     layout_gridville, david_orc_4, gammafunk_ghost_ooze,
          gauntlet_entry_generic, worms_lemuel
D:12:     minmay_the_grid_triangle_9x9_recursive_3
          [minmay_the_grid_triangle_9x9_sparse_checkered,
          minmay_the_grid_triangle_9x9_minimal,
          minmay_the_grid_triangle_9x9_shrine,
          minmay_the_grid_triangle_9x9_prize_insulated,
          minmay_the_grid_triangle_9x9_steps,
          minmay_the_grid_triangle_9x9_flanged_cone,
          minmay_the_grid_triangle_9x9_cache,
          minmay_the_grid_triangle_9x9_semitri,
          minmay_the_grid_triangle_9x9_negative_grid], layout_layer_cave,
          minivault_14, nzn_masters_of_martial_movement, uniq_frances
D:13:     layout_rooms
D:14:     layout_loops_corners, david_vaults_2, chequers_arboretum,
          enter_bailey_6, minivault_19, kennysheep_generic_room_14
D:15:     grunt_enter_depths_giant_problem, layout_rooms, serial_shops, shop
Lair:1:   layout_cellular_growth, beast_lair_carwin_7
Lair:2:   layout_gridlike, minmay_snake_entry_guardpost_small, minivault_26,
          grunt_megastairs_5
Lair:3:   layout_regular_city, palyth_hydra_swamp_entry
Lair:4:   layout_roguey, gammafunk_ghost_ooze, nicolae_quartered_pool_medium,
          beast_lair_carwin_5, infiniplex_staircase_pool, serial_bayou_shore_a,
          minmay_lair_oklob_chamber
Lair:5:   layout_layer_cave
Lair:6:   evilmike_catoblepas_cave, layout_gridlike,
          dpeg_slime_entry_enclosed_altar
Swamp:1:  layout_basic_swamp, evilmike_swamp_ruin_house_4, swamp_pool5
Swamp:2:  nzn_winding_woodlands_medium [nzn_winding_woodlands_5x5_closed_star,
          nzn_winding_woodlands_5x15_garden, nzn_winding_woodlands_5x5_default,
          nzn_winding_woodlands_hourglass,
          nzn_winding_woodlands_center_diamonds,
          nzn_winding_woodlands_5x5_checkerboard,
          nzn_winding_woodlands_5x5_default, nzn_winding_woodlands_5x15_zeroes,
          nzn_winding_woodlands_5x5_cross], layout_basic_swamp,
          evilmike_swamp_ruin_rubble_1
Swamp:3:  layout_basic_swamp, evilmike_swamp_ruin_house_1
Swamp:4:  swamp, layout_basic_swamp, swamp_pool2, nicolae_swamp_little_tower,
          infiniplex_staircase_pool_2
Snake:1:  layout_layer_cave, portal_ice_cave_entry_pillars_three
Snake:2:  layout_onion
Snake:3:  layout_chambers, lemuel_fruit_tree, serial_bayou_shore_b,
          uniq_vashnia, uniq_roxanne
Snake:4:  snake_pit, layout_cave_town, basic_altar, serial_shops,
          nicolae_shop_overgrown_old_shop, nicolae_shop_stone, shop_statue,
          shop, shop
Slime:1:  layout_caves
Slime:2:  layout_caves
Slime:3:  layout_caves
Slime:4:  layout_caves
Slime:5
Orc:1:    orc_temple, layout_caves, david_defended_altar_orc, uniq_josephine
Orc:2:    st_orc_rangers, layout_caves, basic_altar
Elf:1:    minmay_elf_arrival_plus, layout_geoelf_octagon, minivault_28,
          hangedman_elven_crosses_minicolossus, uniq_jorgrun
Elf:2:    layout_loops_corners, serial_glass, glass_columns_a, glass_columns_b,
          glass_columns_a, glass_columns_a
Elf:3:    minmay_elf_hall_dome, layout_gridlike,
          lightli_enter_wizlab_magi_temple, minmay_shop_star
Vaults:1: nicolae_vaults_branching_niches, v_misc_18, grunt_vaults_swirl,
          v_misc_12, vaults_room_grid, hangedman_vaults_stagger,
          nicolae_vaults_network_square, vaults_room_grid, vaults_dpeg_ring,
          nicolae_vaults_twisting_passages, layout_vaults_ring
Vaults:2: nicolae_vaults_network_periphery, minmay_crypt_entry_simple_walls,
          v_alt_pattern_2, nicolae_vaults_c_with_doors, v_misc_31,
          grunt_vaults_focal, hangedman_vaults_corner_blocks,
          ontoclasm_vaults_ring_small, hangedman_vaults_trim,
          nicolae_vaults_little_squares_2, dpeg_vaults_monster_box,
          ontoclasm_vaults_ring_square, ontoclasm_vaults_ring_small,
          grunt_vaults_bifocal, v_misc_18, layout_vaults_omnibox, serial_shops,
          bzr_entry_lakeside, uniq_margery
Vaults:3: advil_vaults_ghost_guards, st_squares, v_misc_14,
          vaults_mumra_minichess_inversion, v_rooms_6, v_misc_14,
          nicolae_vaults_ring_of_whatevers, ontoclasm_vaults_ligature,
          ontoclasm_vaults_chip, nicolae_vaults_three_branches,
          nicolae_vaults_arrows, ontoclasm_vaults_fault,
          vaults_mumra_chevron_long, layout_vaults_maze_bifur, serial_shops,
          nicolae_shop_waterfront
Vaults:4: gammafunk_vaults_ghost_grave, nicolae_vaults_yaktaur_gun_rack,
          nicolae_vaults_little_squares_6, v_misc_12, v_misc_16, v_rooms_4,
          vaults_room_fours, nicolae_vaults_angled_halls,
          hangedman_vaults_snaps, nicolae_vaults_border_crossing,
          nicolae_vaults_ring_of_whatevers, layout_vaults_quadrants,
          serial_shops, shop, uniq_mara
Vaults:5: uniq_jory
Crypt:1:  layout_regular_city, amcnicky_mini_rare_corridor_liquid,
          minigarden_bobbens, grunt_crypt_arrival_guarded_gate
Crypt:2:  layout_gridlike
Crypt:3:  due_elkab, layout_chaotic_city
Depths:1: layout_basic, minmay_misc_feat_alley, hell_entry, abyss_entry_crystal,
          hangedman_abyss_or_decor_lesser_grid, minivault_12,
          grunt_megastairs_1, uniq_bai_suzhen
Depths:2: grunt_twist_and_shout, layout_small_grid, serial_shops,
          nicolae_shop_statue_plus, pf_hell_entry_great_geh,
          minmay_misc_feat_plants, minmay_misc_feat_roman, drop_trap,
          st_stairs_6, serial_bayou_ford_a, firewood_loft
Depths:3: cheibrodos_witchhunters_guild, layout_basic, enter_ziggurat_f,
          abyss_entry, serial_shops, shop, hellmouth_1, minmay_crystal_room,
          pan_entry
Depths:4: minmay_open_boxes_in_corner, layout_cave_pools, minmay_holes,
          hell_entry, abyss_entry, serial_bayou_shore_b,
          infiniplex_staircase_zigzag_1
Depths:5: evilmike_zot_entry_diamond, layout_honeycomb, serial_shops,
          bzr_entry_dummy, nicolae_shop_statue_plus, shop, shop, shop,
          grunt_pan_entry_spiral, abyss_entry, tso_metal_star, hell_entry
Hell
Zot:1:    layout_basic, gammafunk_ghost_arena, grunt_ministairs_9,
          zot_minivault_3
Zot:2:    layout_cellular_growth, grunt_ministairs_4, st_stairs_7
Zot:3:    layout_gridlike
Zot:4:    kennysheep_bubbly, layout_cathedral_of_symmetry
Zot:5:    layout_cathedral_of_symmetry, hangedman_zot_decor_scrapings

Skill      XL: |  1  2  3  4  5  6  7  8  9 10 11 12 13 14 15 16 17 18 19 20 21 22 23 24 25 26 27 |
---------------+----------------------------------------------------------------------------------+-----
Axes           | 3 4 5 6 8 9 11 12 14 15 17 19 23 26 | 26.0
Fighting       | 6 7 9 11 12 13 15 17 18 20 21 23 24 27 | 27.0
Armour         | 6 7 8 10 11 12 14 16 20 21 25 | 25.4
Invocations    | 7 |  7.7
Evocations     | 6 7 9 11 14 18 | 18.6
Bows           | 2 8 10 11 13 14 16 17 18 | 18.7
Translocations | 10 | 10.2
Spellcasting   | 2 3 4 |  4.1
Earth Magic    | 12 | 12.0
Transmutations | 10 | 10.1
Necromancy     | 12 | 12.7
Shields        | |  3.2

Action                   |  1- 3 |  4- 6 |  7- 9 | 10-12 | 13-15 | 16-18 | 19-21 | 22-24 | 25-27 || total
-------------------------+-------+-------+-------+-------+-------+-------+-------+-------+-------++-------
Melee: War axe           |    94 |   152 |   312 |   193 |       |       |       |       |       ||   751
       Battleaxe         |       |       |       |   305 |   734 |   477 |   629 |   529 |   354 ||  3028
       Morningstar       |       |       |       |    29 |    34 |       |       |       |       ||    63
       Dire flail        |       |       |       |    13 |       |       |       |       |       ||    13
       Punch             |       |       |       |     3 |     3 |       |       |       |       ||     6
       Executioner's axe |       |       |       |       |       |    10 |       |       |   762 ||   772
 Fire: Shortbow          |       |       |       |       |   624 |   232 |       |       |       ||   856
       Longbow           |       |       |       |       |       |   776 |   864 |  1014 |  1680 ||  4334
Throw: Dart              |    10 |    11 |    61 |    34 |   181 |       |       |       |       ||   297
       Boomerang         |       |       |       |       |       |    12 |       |       |       ||    12
 Cast: Apportation       |       |       |       |       |       |       |       |       |    64 ||    64
       Animate Skeleton  |       |       |       |       |       |       |       |       |    27 ||    27
       Blink             |       |       |       |       |       |       |       |       |    13 ||    13
Invok: Heroism           |       |       |     5 |    29 |    86 |    98 |    68 |    73 |    89 ||   448
       Finesse           |       |       |       |       |    13 |     6 |     6 |     5 |    25 ||    55
Evoke: Wand              |       |       |       |    11 |    38 |     8 |    11 |     4 |    33 ||   105
       Condenser vane    |       |       |       |       |     3 |     9 |    11 |    11 |    14 ||    48
       Lightning rod     |       |       |       |       |       |    17 |    19 |     4 |    10 ||    50
       Box of beasts     |       |       |       |       |       |       |       |     4 |     6 ||    10
       Phantom mirror    |       |       |       |       |       |       |       |       |     7 ||     7
       Tin of tremorston |       |       |       |       |       |       |       |       |    11 ||    11
       Phial of floods   |       |       |       |       |       |       |       |       |     6 ||     6
       Horn of Geryon    |       |       |       |       |       |       |       |       |     5 ||     5
  Use: Scroll            |       |     2 |    10 |    14 |    14 |    33 |     6 |    27 |    55 ||   161
       Potion            |       |     2 |     4 |     4 |     2 |    10 |     5 |     2 |    27 ||    56
 Stab: Distracted        |       |       |       |       |     1 |       |       |       |     4 ||     5
       Petrified         |       |       |       |       |       |     4 |       |       |     1 ||     5
       Paralysed         |       |       |       |       |       |       |       |     1 |       ||     1
       Invisible         |       |       |       |       |       |       |       |       |     7 ||     7
Armor: Scale mail        |    24 |       |       |       |       |       |       |       |       ||    24
       Chain mail        |    17 |   119 |   133 |   209 |       |       |       |       |       ||   478
       Plate armour      |       |       |       |   208 |   658 |   230 |       |       |       ||  1096
       Crystal plate arm |       |       |       |       |       |   541 |   737 |   697 |  1461 ||  3436
Dodge: Dodged            |    25 |    33 |    68 |   249 |   415 |   289 |   284 |   234 |   456 ||  2053
Block: Kite shield       |    54 |    84 |   149 |    43 |       |       |       |       |       ||   330

Table legend: (Time is in decaauts)
 A = Elapsed time spent in this place.
 B = Non-inter-level travel time spent in this place.
 C = Inter-level travel time spent in this place.
 D = Time resting spent in this place.
 E = Time spent auto-exploring this place.
 F = Levels seen in this place.
 G = Mean time per level.
                   A        B        C        D        E       F      G
               +--------+--------+--------+--------+--------+-----+--------+
         Total | 111918 | 102040 |   9878 |  34687 |  45913 |  72 | 1554.4 |
       Dungeon |  23396 |  20493 |   2903 |   7000 |   9296 |  15 | 1559.7 |
          Lair |  12013 |  10624 |   1389 |   2359 |   6285 |   6 | 2002.2 |
         Swamp |   6008 |   5723 |    285 |   1759 |   2711 |   4 | 1502.0 |
     Snake Pit |   9379 |   8677 |    702 |   3415 |   3833 |   4 | 2344.8 |
    Slime Pits |   3479 |   3434 |     45 |   1886 |    720 |   5 |  695.8 |
  Orcish Mines |   4079 |   3477 |    602 |   1356 |   1234 |   2 | 2039.5 |
   Elven Halls |   5523 |   5038 |    485 |   1156 |   2713 |   3 | 1841.0 |
        Vaults |  14845 |  13305 |   1540 |   3693 |   6404 |   5 | 2969.0 |
         Crypt |   4144 |   3891 |    253 |    446 |   2606 |   3 | 1381.3 |
        Depths |  12216 |  10901 |   1315 |   4301 |   4251 |   5 | 2443.2 |
          Hell |    926 |    926 |      0 |     67 |    546 |   1 |  926.0 |
           Zot |  10312 |   9957 |    355 |   3747 |   4509 |   5 | 2062.4 |
      Ziggurat |   2041 |   2041 |      0 |   1661 |     32 |   9 |  226.8 |
        Bazaar |    440 |    440 |      0 |    100 |    149 |   2 |  220.0 |
        Bailey |    795 |    795 |      0 |    244 |    366 |   1 |  795.0 |
      Ice Cave |   1598 |   1598 |      0 |   1218 |     58 |   1 | 1598.0 |
        Wizlab |    718 |    718 |      0 |    275 |    198 |   1 |  718.0 |
               +--------+--------+--------+--------+--------+-----+--------+

Top non-repeatable levels by time:
Vaults:2: 4054 daAuts
Depths:3: 3822 daAuts
    D:12: 3532 daAuts
Vaults:3: 3172 daAuts
   Zot:1: 3165 daAuts
 Snake:4: 3088 daAuts
    D:11: 2898 daAuts
Vaults:5: 2882 daAuts
Vaults:1: 2731 daAuts
 Snake:1: 2675 daAuts
   Orc:1: 2635 daAuts
   Zot:4: 2593 daAuts
    D:14: 2549 daAuts
 Snake:3: 2541 daAuts
Depths:1: 2507 daAuts
